 Dungeon Crawl Stone Soup version 0.28-a0-206-gc2c9e32840 (webtiles) character file.

Game seed: 14055780928939929956

76855 freelancePsychic the Fighter (level 16, -1/140 HPs)
             Began as a Djinni Ice Elementalist on Aug 21, 2021.
             Was the Champion of Hepliaklqana.
             Slain by a white ugly thing (19 damage)
             ... on level 12 of the Dungeon.
             The game lasted 00:43:00 (20103 turns).

freelancePsychic the Fighter (DjIE)                Turns: 20103, Time: 00:43:00

Health: -1/140     AC: 32    Str: 13    XL:     16   Next: 3%
Gold:   1214       EV: 22    Int: 22    God:    Hepliaklqana [******] SH:  0 Dex: 21

rFire   + + .      SeeInvis .     - Unarmed
rCold   . . .      Faith    .   (no shield)
rNeg    + . .      Spirit   .   (armour currently unavailable)
rPois   ∞          Reflect  .   l - +2 helmet
rElec   +          Harm     .   C - +0 cloak
rCorr   .          Rampage  .   (gloves currently unavailable)
Will    +....                   (boots unavailable)
Stlth   ++........              (no amulet)
HPRegen 0.33/turn               y - ring of protection from cold
MPRegen 0.00/turn               Q - ring of Moboa {rPois Str+6 Dex+5}

@: statue-form, flying, studying Fighting, very slow
A: slow and powerful, torment resistance 1, flying, boosted hp, reduced essence,
sickness immunity, fire resistance 2, cold vulnerability 1, float, innate
caster, hp casting, extra vitality 1
a: End Transformation, Renounce Religion, Recall Ancestor, Ancestor Identity,
Transference, Idealise


You were on level 12 of the Dungeon.
You worshipped Hepliaklqana.
Hepliaklqana was exalted by your worship.
You were a living statue of rough stone.
You visited 4 branches of the dungeon, and saw 21 of its levels.

You collected 2477 gold pieces.
You spent 1263 gold pieces at shops.

Inventory:

Hand Weapons
 p - the +0 staff of Battle
   (You found it on level 5 of the Dungeon)

   It enhances your conjuration magic.
   It summons a battlesphere in combat, with strength depending on Conjurations
   skill.
   Its strikes trigger the battlesphere's blasts.
Missiles
 f - 4 curare-tipped darts
 R - a throwing net
Armour
 g - a +0 pair of gloves
 l - a +2 helmet (worn)
 m - a +3 leather armour of fire resistance
 C - a +0 cloak (worn)
 E - the +0 pair of gloves of Past Mistakes (melded) {rF+ Str-4 Int+2 Dex+5}
   (You found it on level 9 of the Dungeon)

   Str:       It affects your strength (-4).
   Int:       It affects your intelligence (+2).
   Dex:       It affects your dexterity (+5).
   rF:        It protects you from fire.
 F - the +0 ring mail of Dice, Bag, and Bottle (melded) {rF+ Regen+}
   (You bought it in a shop on level 9 of the Dungeon)

   rF:        It protects you from fire.
   Regen:     It increases your rate of health regeneration.
 O - a +0 kite shield
Jewellery
 y - a ring of protection from cold (left fist)
 L - a +6 ring of strength
 Q - the ring of Moboa (right fist) {rPois Str+6 Dex+5}
   (You bought it in a shop on level 2 of the Orcish Mines)

   [ring of strength]

   Str:       It affects your strength (+6).
   Dex:       It affects your dexterity (+5).
   rPois:     It protects you from poison.
Wands
 h - a wand of iceblast (87)
 j - a wand of digging (1)
 t - a wand of flame (96)
 P - a wand of acid (16)
 S - a wand of paralysis (8)
Scrolls
 b - 2 scrolls of blinking
 e - 5 scrolls of teleportation {@r4}
 k - 2 scrolls of magic mapping
 o - 2 scrolls of enchant weapon
 r - a scroll of summoning {unknown}
 s - 4 scrolls of vulnerability
 w - 2 scrolls of silence
 x - 2 scrolls of enchant armour
 A - 3 scrolls of torment
 H - 2 scrolls of identify {@r1}
Potions
 c - 9 potions of curing {@q1}
 d - a potion of haste {unknown}
 i - 6 potions of brilliance {unknown}
 n - 4 potions of lignification
 q - 2 potions of flight
 u - a potion of might {unknown}
 v - 3 potions of mutation {unknown}
 z - a potion of cancellation {unknown}
 B - 4 potions of attraction {unknown}
 D - a potion of heal wounds {unknown}
 G - 3 potions of degeneration {unknown}
 I - a potion of berserk rage {unknown}
 J - a potion of ambrosia {unknown}
 K - a potion of resistance {unknown}
 M - a potion of invisibility {unknown}
 N - a potion of magic {unknown}


   Skills:
 + Level 13.6 Fighting
 - Level 6.9 Armour
 + Level 13.2 Dodging
 - Level 1.5 Stealth
 * Level 7.8 Unarmed Combat
 - Level 12.6 Spellcasting
 - Level 7.7 Invocations


You had 4 spell levels left.
You knew the following spells:

 Your Spells              Type           Power      Damage    Failure   Level
a - Searing Ray           Conj           100%       3d7       1%          2
b - Frozen Ramparts       Ice            100%       1d12      1%          3
c - Statue Form           Tmut/Erth      42%        N/A       3%          6
d - Hailstorm             Conj/Ice       63%        3d13      1%          4
e - Fulminant Prism       Conj/Hex       31%        3d16      1%          4
f - Irradiate             Conj/Tmut      31%        3d24      1%          5
g - Lesser Beckoning      Tloc           31%        N/A       1%          3
h - Dispel Undead         Necr           63%        3d22      1%          4
i - Shock                 Conj/Air       100%       1d9       1%          1
j - Freeze                Ice            100%       1d11      1%          1
k - Ozocubu's Armour      Ice            63%        N/A       1%          3
Your spell library was empty.

Dungeon Overview and Level Annotations

Branches:
Dungeon (12/15)            Temple (1/1) D:5            Lair (6/6) D:10
  Swamp (0/4) Lair:2        Snake (0/4) Lair:2        Slime (0/5) Lair:5
    Orc (2/2) D:11            Elf (0/3) Orc:2

Altars:
Ashenzari
Dithmenos
Elyvilon
Fedhas
Gozag
Hepliaklqana
Kikubaaqudgha
Makhleb
Okawaru
Ru
Sif Muna
Trog
Uskayaw
Vehumet
Xom
Yredelemnul
Zin
The Shining One
Jiyva

Shops:
D:3 *   D:9 [([:[   Orc:2 [=[(

Portals:
Trove: D:12 (give horn of Geryon)

Annotations:
D:3 Natasha
Lair:1 2 transporters, MrDNA's ghost, novice TrNe
Lair:5 1 runed translucent door
Lair:6 exclusion: 3 oklob plants


Innate Abilities, Weirdness & Mutations

You are a living statue of rough stone.
Your actions are slow, but your melee attacks are powerful.
You are resistant to unholy torment.
You are flying.
Your maximum health is greatly increased.
Your equipment is partially melded.
Your life essence is reduced to manifest your ancestor. (-10% HP)
You are immune to sickness and miasma.
You are immune to poison.
Your flesh is very heat resistant. (rF++)
You are vulnerable to cold. (rC-)
You float through the air rather than walking.
You learn spells naturally, not from books.
Your magical power is your life essence.
You have superior vitality. (+4 HP)


Message History

You punch the two-headed ogre!
The two-headed ogre is heavily wounded.
A white ugly thing comes into view.
The two-headed ogre hits WishiWashi with a +0 giant spiked club.
WishiWashi is destroyed!
The two-headed ogre completely misses you.
The two-headed ogre hits you but does no damage.
You pummel the two-headed ogre!!
The two-headed ogre is almost dead.
The white ugly thing completely misses you.
The two-headed ogre hits you with a +0 giant club!
The two-headed ogre hits you with a +0 giant spiked club!
The brown ugly thing basks in the mutagenic energy from its kin and changes!
You pummel the two-headed ogre!!
You kill the two-headed ogre!
The white ugly thing completely misses you.
You hit the white ugly thing.
The white ugly thing is lightly wounded.
The manticore closely misses you. The manticore misses you. x2
The brown ugly thing basks in the mutagenic energy from its kin and changes!
The white ugly thing gores you! The white ugly thing freezes you!!
The manticore completely misses you. The manticore claws you.
The manticore closely misses you.
You are too injured to fight recklessly!
The cyan ugly thing basks in the mutagenic energy from its kin and changes!
The white ugly thing gores you but does no damage.
You see here a +0 morningstar.
You punch the white ugly thing!
The white ugly thing is moderately wounded.
The white ugly thing basks in the mutagenic energy from its kin and changes!
The white ugly thing gores you but does no damage.
You punch the white ugly thing!
The white ugly thing is severely wounded.
The white ugly thing gores you! The white ugly thing freezes you!!
* * * LOW HITPOINT WARNING * * *
The white ugly thing basks in the mutagenic energy from its kin and changes!
The white ugly thing gores you!
* * * LOW HITPOINT WARNING * * *
The white ugly thing freezes you!!
You die...

u.8 #..#.#.# .| ##..
#..#.#.# .|| .#. #..#.#.#
....# ##. ##....#.#
8.8..### ##..)#†#)#
......#. ##....#.#.####
........ #....##.#.....
_._..uuo#####...###...#.##
.⌠.....Hu8.....###....#.#
_._..)(####.#..# #..#.#.#
......).....#..# #.##.#.#
#### ......#######..#
#....### ...##
8.8..##........# ####.#
....## ....##.........#
#.#
.....#######...########
#.# ##............)#
#.####
##............############
#.##..


You could see an orc knight, 3 ugly things and a manticore.

Vanquished Creatures
  A dire elephant (Lair:6)
  Snorg (Orc:2)
  2 boulder beetles
  6 hydras
  2 centaur warriors (D:12)
  2 catoblepae
  3 two-headed ogres
  5 death yaks
  4 orc high priests
  Urug (Lair:6)
  4 spectral death yaks (Lair:6)
  A spectral dire elephant (Lair:6)
  A spectral anaconda (Lair:6)
  A bog body (Lair:2)
  An obsidian statue (Lair:6)
  Pikel (D:8)
  3 orc knights (Orc:2)
  3 necromancers (Lair:6)
  A deep elf pyromancer (D:12)
  3 manticores
  An ugly thing (D:12)
  2 cyclopes
  4 orc sorcerers (Orc:2)
  An oklob plant (Lair:3)
  3 centaur zombies
  4 black mambas
  2 torpor snails
  3 gargoyles (D:12)
  7 elephants
  7 cane toads
  A dire elephant skeleton (Lair:6)
  4 komodo dragons
  A kobold demonologist (D:11)
  4 trolls
  8 slime creatures (D:12)
  9 blink frogs
  5 dream sheep (Lair:4)
  2 spectral elephants (Lair:6)
  6 wyverns
  3 wraiths
  A shadow (D:12)
  Eustachio (D:5)
  39 yaks
  Grum (D:8)
  A steam dragon (D:8)
  3 basilisks
  5 vampire mosquitoes
  Edmund (D:4)
  2 nagas (Lair:2)
  3 acid dragons
  17 water moccasins
  24 orc warriors
  A sky beast (D:7)
  7 ogres
  An ice beast (D:7)
  2 black bears (Lair:4)
  A necrophage (D:5)
  9 wolves
  2 elephant skeletons (Lair:6)
  4 centaurs
  A lemure (D:8)
  A gnoll sergeant (D:11)
  2 wyvern zombies (D:6)
  10 bullfrogs
  4 cane toad simulacra (Lair:6)
  2 scorpions
  An elephant simulacrum (Lair:6)
  5 killer bees (D:9)
  6 wights
  A howler monkey (D:10)
  2 electric eels
  A bullfrog zombie (D:5)
  4 bullfrog skeletons
  17 orc priests
  A gnoll shaman (D:5)
  A centaur skeleton (D:5)
  Ijyb (D:3)
  Jessica (D:3)
  2 iguanas
  Terence (D:3)
  A hell rat (D:10)
  10 orc wizards
  A hound skeleton (D:5)
  13 gnolls
  A river rat (D:10)
  4 adders
  A shadow imp (D:6)
  A white imp (D:8)
  3 adder skeletons
  4 worms
  2 dart slugs
  56 orcs
  5 ball pythons
  6 endoplasms
  A giant cockroach (D:2)
  5 goblins
  6 hobgoblins
  4 jackals (D:2)
  6 quokkas
  5 bats
  3 frilled lizards
  11 kobolds
  5 rats
466 creatures vanquished.

Vanquished Creatures (collateral kills)
  Donald (Orc:2)
  A dire elephant (Lair:6)
  A boulder beetle (D:12)
  4 hydras
  A catoblepas (Lair:3)
  3 two-headed ogres
  A spectral death yak (Lair:6)
  A bog body (Lair:2)
  2 orc knights (Orc:2)
  A manticore (D:12)
  A cyclops (D:12)
  An elephant (Lair:4)
  Maurice (D:8)
  A black mamba (Lair:6)
  A torpor snail (Lair:6)
  A gargoyle (D:12)
  A rime drake (Lair:3)
  2 slime creatures (D:12)
  A blink frog (Lair:6)
  2 yaks
  A water moccasin (Lair:6)
  An orc warrior (Orc:2)
  An ogre (Orc:2)
  A wolf (Lair:6)
  A lemure (D:8)
  A bullfrog (Lair:2)
  A centaur zombie (D:9)
  4 orcs
  A butterfly (D:7)
40 creatures vanquished.

Vanquished Creatures (others)
  8 knights
  A rat (D:3)
  5 fulminant prisms
  39 fungi
  45 plants
  23 withered plants (Lair:6)
121 creatures vanquished.

Grand Total: 627 creatures vanquished

Notes
Turn   | Place    | Note
-------+----------+-------------------------------------------
     0 | D:1      | freelancePsychic the Djinni Ice Elementalist began the
                  | quest for the Orb.
     0 | D:1      | Reached XP level 1. HP: 15/15 MP: 0/0
   191 | D:1      | Reached XP level 2. HP: 8/22 MP: 0/0
   659 | D:1      | Reached skill level 1 in Fighting
   785 | D:1      | Reached XP level 3. HP: 10/27 MP: 0/0
   785 | D:1      | Learned a level 1 spell: Shock
  1493 | D:2      | Reached XP level 4. HP: 23/32 MP: 0/0
  2808 | D:2      | Found a faded altar of an unknown god.
  2834 | D:3      | Noticed Ijyb
  2840 | D:3      | Killed Ijyb
  2841 | D:3      | Reached XP level 5. HP: 24/38 MP: 0/0
  2841 | D:3      | Learned a level 2 spell: Searing Ray
  2963 | D:3      | Noticed Natasha
  3050 | D:3      | Noticed Jessica
  3053 | D:3      | Killed Jessica
  3150 | D:3      | Found Guudghiph's General Store.
  3159 | D:3      | Bought a scroll of magic mapping for 49 gold pieces
  3588 | D:3      | Reached XP level 6. HP: 41/45 MP: 0/0
  3718 | D:3      | Noticed Terence
  3726 | D:3      | Killed Terence
  4168 | D:4      | Noticed Edmund
  4356 | D:4      | Reached skill level 5 in Spellcasting
  4736 | D:4      | Killed Edmund
  4737 | D:4      | Reached XP level 7. HP: 37/51 MP: 0/0
  4737 | D:4      | Learned a level 3 spell: Lesser Beckoning
  5636 | D:5      | Entered Level 5 of the Dungeon
  5852 | D:5      | Reached XP level 8. HP: 51/58 MP: 0/0
  5890 | D:5      | Found the +0 staff of Battle
  6425 | D:5      | Reached skill level 5 in Fighting
  6480 | D:5      | Found a staircase to the Ecumenical Temple.
  6485 | Temple   | Entered the Ecumenical Temple
  6564 | Temple   | Became a worshipper of Hepliaklqana the Forgotten
  6649 | D:5      | Noticed Eustachio
  6658 | D:5      | Killed Eustachio
  6989 | D:6      | Reached XP level 9. HP: 61/66 MP: 0/0
  6989 | D:6      | Learned a level 4 spell: Dispel Undead
  7402 | D:6      | Reached * piety under Hepliaklqana
  8587 | D:7      | Found a shimmering altar of Xom.
  8936 | D:7      | Found a white marble altar of Elyvilon.
  8939 | D:7      | Found an iron altar of Okawaru.
  8942 | D:7      | Found a hide-covered altar of Uskayaw.
  8945 | D:7      | Found a broken altar of Ashenzari.
  9125 | D:8      | Reached XP level 10. HP: 59/67 MP: 0/0
  9363 | D:8      | Reached ** piety under Hepliaklqana
  9364 | D:8      | Remembered your ancestor WishiWashi as a knight
  9490 | D:8      | Identified the +10 plate armour of Tesousta {rN+ rCorr
                  | Dex+2}
  9500 | D:8      | Noticed Maurice
  9508 | D:8      | Reached skill level 5 in Dodging
  9508 | D:8      | Killed Maurice
  9660 | D:8      | Identified the +1 plate armour of Xanacogy {rC+ rN+ SInv}
  9675 | D:8      | Noticed Grum
  9684 | D:8      | Killed Grum
  9876 | D:8      | Found an opulent altar of Gozag.
  9876 | D:8      | Found a sacrificial altar of Ru.
 10043 | D:8      | Noticed Pikel
 10050 | D:8      | Killed Pikel
 10278 | D:9      | Noticed a manticore
 10284 | D:9      | Killed a manticore
 10290 | D:9      | Identified the +0 pair of gloves of Past Mistakes {rF+
                  | Str-4 Int+2 Dex+5}
 10376 | D:9      | Found Masob's Antique Armour Shoppe.
 10385 | D:9      | Bought a slimy ring mail for 252 gold pieces
 10385 | D:9      | Identified the +0 ring mail of Dice, Bag, and Bottle {rF+
                  | Regen+} (You bought it in a shop on level 9 of the Dungeon)
 10426 | D:9      | Found Ivvad's Book Boutique.
 10445 | D:9      | Found Bahotuef's Armour Boutique.
 10556 | D:9      | Reached XP level 11. HP: 70/75 MP: 0/0
 10556 | D:9      | Learned a level 4 spell: Fulminant Prism
 10634 | D:9      | Found Weyphan's Antique Weapon Shoppe.
 10640 | D:9      | Found Gyzuy's Armour Shop.
 10792 | D:9      | Reached *** piety under Hepliaklqana
 10875 | D:9      | Identified the +1 leather armour of the Hidden Mouths
                  | {Int+7}
 11090 | D:10     | Entered Level 10 of the Dungeon
 11100 | D:10     | Noticed a death yak
 11102 | D:10     | Noticed a death yak
 11105 | D:10     | Noticed a death yak
 11112 | D:10     | Killed a death yak
 11160 | D:10     | Noticed a two-headed ogre
 11163 | D:10     | Killed a two-headed ogre
 11327 | D:10     | Reached skill level 10 in Spellcasting
 11330 | D:10     | Reached skill level 10 in Fighting
 11408 | D:10     | Found a hide-covered altar of Uskayaw.
 11477 | D:10     | Found a staircase to the Lair.
 11610 | D:10     | Killed a death yak
 11612 | D:10     | Killed a death yak
 11934 | Lair:1   | Entered Level 1 of the Lair of Beasts
 11934 | Lair:1   | Found a transporter.
 11934 | Lair:1   | Noticed a five-headed hydra
 11945 | Lair:1   | Noticed MrDNA's ghost (novice TrNe)
 11945 | Lair:1   | You are sucked into a shaft and drop 1 floor!
 11952 | Lair:2   | Reached skill level 1 in Invocations
 11955 | Lair:2   | Reached XP level 12. HP: 58/81 MP: 0/0
 12009 | Lair:2   | Found a staircase to the Snake Pit.
 12145 | Lair:1   | Found a transporter.
 12218 | Lair:1   | Reached **** piety under Hepliaklqana
 12239 | Lair:1   | Noticed a seven-headed hydra
 12244 | Lair:1   | Killed a seven-headed hydra
 12614 | Lair:1   | Noticed a four-headed hydra
 12620 | Lair:1   | Killed a four-headed hydra
 12744 | Lair:2   | Found a staircase to the Swamp.
 12749 | Lair:2   | Reached skill level 10 in Dodging
 12783 | Lair:2   | Noticed a six-headed hydra
 12789 | Lair:2   | Killed a six-headed hydra
 12869 | Lair:2   | Reached ***** piety under Hepliaklqana
 13237 | Lair:3   | Noticed a catoblepas
 13327 | Lair:3   | Reached skill level 5 in Invocations
 13631 | Lair:3   | Noticed a catoblepas
 13641 | Lair:3   | Killed a catoblepas
 13642 | Lair:3   | Reached XP level 13. HP: 70/86 MP: 0/0
 13642 | Lair:3   | Learned a level 5 spell: Irradiate
 13801 | Lair:3   | Killed a catoblepas
 14055 | Lair:4   | Noticed a four-headed hydra
 14059 | Lair:4   | Killed a four-headed hydra
 14186 | Lair:4   | Noticed a four-headed hydra
 14191 | Lair:4   | Killed a four-headed hydra
 14875 | Lair:5   | Reached skill level 1 in Armour
 15021 | Lair:5   | Found a runed translucent door.
 15022 | Lair:5   | Found a viscous altar of Jiyva.
 15298 | Lair:5   | Found a staircase to the Slime Pits.
 15344 | Lair:6   | Entered Level 6 of the Lair of Beasts
 15387 | Lair:6   | Noticed a six-headed hydra
 15430 | Lair:6   | Noticed a four-headed hydra
 15465 | Lair:6   | Killed a four-headed hydra
 15508 | Lair:6   | Reached XP level 14. HP: 84/92 MP: 0/0
 15579 | Lair:6   | Found the -2 hat of the Alchemist {rElec rPois rF+ rC+ rN+
                  | Will+ rMut rCorr}
 15597 | Lair:6   | Identified a scroll of acquirement
 15598 | Lair:6   | Acquired 806 gold pieces
 15811 | Lair:6   | Reached ****** piety under Hepliaklqana
 15855 | Lair:6   | Noticed Urug
 15859 | Lair:6   | Killed Urug
 16291 | Lair:6   | Noticed a dire elephant
 16291 | Lair:6   | Noticed a dire elephant
 16292 | Lair:6   | Noticed a dire elephant
 16304 | Lair:6   | Reached skill level 5 in Armour
 16341 | Lair:6   | Noticed a dire elephant
 16520 | Lair:6   | Killed a dire elephant
 16603 | Lair:6   | Killed a dire elephant
 16810 | Lair:6   | Identified the +0 kite shield of Gyc Noaw {rPois Stlth+}
 17202 | D:11     | Found a staircase to the Orcish Mines.
 17224 | Orc:1    | Entered Level 1 of the Orcish Mines
 17341 | Orc:2    | Entered Level 2 of the Orcish Mines
 17366 | Orc:2    | Found a staircase to the Elven Halls.
 17431 | Orc:2    | Noticed Donald
 17434 | Orc:2    | Reached XP level 15. HP: 49/100 MP: 0/0
 17434 | Orc:2    | Learned a level 6 spell: Statue Form
 17522 | Orc:2    | Reached skill level 1 in Unarmed Combat
 17568 | Orc:2    | Killed Donald
 18200 | Orc:2    | Noticed Snorg
 18207 | Orc:2    | Killed Snorg
 18281 | Orc:2    | Reached skill level 5 in Unarmed Combat
 18286 | Orc:2    | Found Rubips's Jewellery Shop.
 18286 | Orc:2    | Found Xorazaf's Armour Emporium.
 18295 | Orc:2    | Found Hysme's Weapon Shop.
 18295 | Orc:2    | Found Hiaruts's Armour Emporium.
 18314 | Orc:2    | Bought the ring of Moboa {rPois Str+6 Dex+5} for 962 gold
                  | pieces
 18683 | D:11     | Acquired a manual of Fighting
 19258 | D:12     | Found a shadowy altar of Dithmenos.
 19456 | D:12     | Found a portal to a secret trove of treasure.
 19973 | D:12     | Found a shimmering altar of Xom.
 19975 | D:12     | Identified the +5 arbalest "Qeuxkae" {flame, Dex+4}
 20097 | D:12     | Reached XP level 16. HP: 108/108 MP: 0/0
 20103 | D:12     | Slain by a white ugly thing

Illustrated notes

Levels and vault maps discovered:
D:1:      dpeg_arrival_oval, layout_rooms
D:2:      layout_basic, shapermc_ecumenical_altar_mp_vishouse
D:3:      layout_basic, mainiacjoe_overflow_small_starburst, serial_shops,
          nicolae_square_shop, mrwooster_statue_mirror, uniq_terence, uniq_ijyb,
          uniq_jessica, uniq_natasha
D:4:      layout_cave_pools, serial_column_ruins, column_ruins_hut,
          column_ruins_courtyard_long, column_ruins_open_small_water,
          column_ruins_columns_straight, column_ruins_open_small,
          column_ruins_open_tiny, uniq_edmund
D:5:      layout_loops_corners, temple_doors_e, uniq_eustachio
D:6:      layout_layer_cave
D:7:      layout_loops_cross, vehumet_altar_wand_db, xom_butterflies,
          grunt_temple_overflow_cloverleaf, minmay_misc_feat_plants
D:8:      layout_basic, gammafunk_temple_overflow_elements, st_stairs_3,
          uniq_pikel, uniq_grum, uniq_maurice
D:9:      layout_long_grid, serial_shops, shop, nicolae_shop_waterfront, shop,
          nicolae_shop_overgrown_old_shop, nicolae_shop_trees, hex_medium,
          eino_jars
D:10:     kennysheep_blocky_hall, layout_long_grid, dpeg_lair_monsters,
          kennysheep_flooded_box, chequers_arboretum, roderic_lattice_a
D:11:     layout_roguey [special_room_orc], david_orc_2
D:12:     minmay_the_grid_octo_tiled_squarecenter_mashed
          [minmay_the_grid_octo_odd_swirl, minmay_the_grid_octo_clover_2,
          minmay_the_grid_octo_shrine, minmay_the_grid_octo_clover,
          minmay_the_grid_square_5x5_megaprize_crossed,
          minmay_the_grid_square_5x5_two, minmay_the_grid_square_5x5_minibox,
          minmay_the_grid_square_5x5_spiral_small,
          minmay_the_grid_square_5x5_corner], layout_basic,
          nicolae_trove_entry_columns
Temple:   oiseaux_autumnal_temple
Lair:1:   layout_hall_layers, nzn_ghost_randoct, serial_bayou_lake_a
Lair:2:   layout_hall_layers, skrybe_swamp_entry_bodies,
          guppyfry_snake_entry_island
Lair:3:   layout_gridlike, infiniplex_staircase_pool_2
Lair:4:   layout_cellular_growth, st_stairs_5, minivault_23
Lair:5:   layout_misc_corridors, slime_altar_2
Lair:6:   due_jungle_book, layout_concentric_octagons, lookout_lair_type,
          minmay_lair_oklob_chamber, infiniplex_staircase_pool, uniq_urug
Orc:1:    layout_diamond_mine, serial_shops, shop, nicolae_orc_rich_vein
Orc:2:    grunt_orc_tribal_feast, layout_caves, uniq_donald, uniq_snorg

Skill      XL: |  1  2  3  4  5  6  7  8  9 10 11 12 13 14 15 |
---------------+----------------------------------------------+-----
Fighting       | 1 2 3 4 5 7 9 10 12 13 | 13.6
Spellcasting   | 4 5 6 7 8 9 10 11 12 | 12.6
Dodging        | 4 6 9 10 12 13 | 13.2
Invocations    | 1 5 7 |  7.7
Armour         | 3 6 |  6.9
Unarmed Combat | 7 |  7.8
Stealth        | |  1.5

Action                   |  1- 3 |  4- 6 |  7- 9 | 10-12 | 13-15 | 16-18 || total
-------------------------+-------+-------+-------+-------+-------+-------++-------
Melee: Unarmed           |       |     8 |       |       |    15 |     6 ||    29
       Staff             |       |       |     2 |     2 |     4 |       ||     8
 Cast: Freeze            |    49 |    28 |       |       |       |       ||    77
       Frozen Ramparts   |       |    11 |     5 |     4 |     3 |       ||    23
       Ozocubu's Armour  |       |     3 |     2 |       |     3 |       ||     8
       Searing Ray       |       |    22 |    40 |     5 |       |       ||    67
       Hailstorm         |       |       |    10 |   112 |   298 |       ||   420
       Fulminant Prism   |       |       |       |     3 |     2 |       ||     5
       Irradiate         |       |       |       |       |    46 |       ||    46
       Statue Form       |       |       |       |       |     4 |       ||     4
Invok: Ancestor Identity |       |       |     2 |     1 |       |       ||     3
       Ancestor Life: Kn |       |       |       |     1 |       |       ||     1
       Recall Ancestor   |       |       |       |     4 |     3 |       ||     7
       Transference      |       |       |       |       |     2 |       ||     2
       Idealise          |       |       |       |       |     1 |       ||     1
 Abil: End Transformatio |       |       |       |       |     1 |       ||     1
  Use: Scroll            |       |     3 |     4 |     6 |    10 |       ||    23
 Stab: Sleeping          |       |     1 |       |       |       |       ||     1
       Distracted        |       |       |       |       |     1 |       ||     1
Armor: Robe              |     7 |     5 |       |       |       |       ||    12
       Leather armour    |       |     5 |    13 |     1 |       |       ||    19
       Ring mail         |       |       |       |    10 |    27 |       ||    37
       Skin              |       |       |       |       |     8 |     3 ||    11
Dodge: Dodged            |    32 |    22 |    12 |    10 |    90 |     8 ||   174

Table legend: (Time is in decaauts)
 A = Elapsed time spent in this place.
 B = Non-inter-level travel time spent in this place.
 C = Inter-level travel time spent in this place.
 D = Time resting spent in this place.
 E = Time spent auto-exploring this place.
 F = Levels seen in this place.
 G = Mean time per level.
                   A        B        C        D        E       F      G
               +--------+--------+--------+--------+--------+-----+--------+
         Total |  20184 |  19353 |    831 |    607 |  16271 |  21 |  961.1 |
       Dungeon |  13622 |  13195 |    427 |    333 |  11463 |  12 | 1135.2 |
        Temple |    107 |     80 |     27 |      0 |     71 |   1 |  107.0 |
          Lair |   5239 |   4904 |    335 |    137 |   4017 |   6 |  873.2 |
  Orcish Mines |   1215 |   1174 |     41 |    137 |    720 |   2 |  607.5 |
               +--------+--------+--------+--------+--------+-----+--------+

Top non-repeatable levels by time:
  Lair:6: 1590 daAuts
     D:3: 1503 daAuts
     D:2: 1468 daAuts
     D:1: 1361 daAuts
     D:4: 1304 daAuts
     D:6: 1236 daAuts
     D:5: 1221 daAuts
     D:8: 1208 daAuts
    D:12: 976 daAuts
   Orc:2: 934 daAuts
     D:9: 890 daAuts
     D:7: 866 daAuts
  Lair:4: 865 daAuts
    D:11: 795 daAuts
    D:10: 788 daAuts
